 Dungeon Crawl Stone Soup version 0.32-a0-900-g30fb1b0edc (webtiles) character file.

Game seed: 15691954711817932388

13 riojii the Ruffian (level 2, 21/21 HPs)
             Began as a Demonspawn Shapeshifter on Nov 5, 2023.
             Quit the game on level 1 of the Dungeon on Apr 5, 2024.
             The game lasted 00:01:56 (943 turns).

riojii the Ruffian (Demonspawn Shapeshifter)         Turns: 943, Time: 00:01:56

Health: 21/21      AC:  2    Str: 14    XL:     2   Next: 24%
Magic:  2/2        EV: 11    Int: 11    God:
Gold:   22         SH:  4    Dex: 12    Spells: 1/1 levels left

rFire   . .          .
                       - Unarmed
rCold   + . .        (no shield)
rNeg    . . .        a - +0 animal skin
rPois   .            (helmet currently unavailable)
rElec   .            (cloak currently unavailable)
rCorr   .            (gloves currently unavailable)
SInv    .            (boots currently unavailable)
Will    .....        (no amulet)
Stlth   +            g - ring of protection from cold
HPRegen 0.23/turn    (no ring)
MPRegen 0.08/turn

%: no passive effects
@: beast-form
A: beast (slay +1), large bone plates 1
a: Begin Untransformation


You were on level 1 of the Dungeon.
You were a hulking beast.
You visited 1 branch of the dungeon, and saw 1 of its levels.

You collected 22 gold pieces.

Inventory:

Armour
 a - a +0 animal skin (worn)
Jewellery
 g - a ring of protection from cold (left hand)
 j - a +6 ring of intelligence
Talismans
 c - a beast talisman
Scrolls
 f - 2 scrolls of identify
 h - a scroll of enchant armour {unknown}
 i - a scroll of poison
 k - a scroll of acquirement {unknown}
 l - a scroll of enchant weapon {unknown}
Potions
 b - a potion of lignification
 e - a potion of curing {unknown}


   Skills:
 + Level 1.3 Fighting
 + Level 2.0 Dodging
 * Level 3.0 Unarmed Combat
 + Level 2.8 Shapeshifting


You had one spell level left.
You didn't know any spells.
Your spell library contained the following spells:

 Spells                   Type           Power      Damage    Failure   Level
 Cigotuvi's Dreadful Rot  Necr/Alch/Air  0%         N/A       47%         2
 Ignite Poison            Fire/Alch      0%         N/A       98%         4
 Freezing Cloud           Conj/Ice/Air   0%         6-21      100%        5


Dungeon Overview and Level Annotations

Branches:
Dungeon (1/15)

Altars:


Innate Abilities, Weirdness & Mutations

You are a hulking beast.
Your limbs bulge with bestial killing power. (Slay +1)
You are partially covered in large bone plates. (SH +4)


Message History

No target in view!
No target in view!
No target in view!
No target in view!
No target in view!
No target in view!
No target in view!
No target in view!
No target in view!
No target in view!
No target in view!
No target in view!
k - a scroll labelled FYUNGEOGHE
f - 3 scrolls labelled JURIVI UCOTE (gained 1)
l - a scroll labelled QURUONIALIL You see here a bat corpse.
There is an open door here.
Key pressed, stopping explore.
You see here a +0 spear.
There is a stone staircase leading down here.
Key pressed, stopping explore.
There is an open door here.
There is an open door here.
Done exploring.
Done exploring.
Done exploring.
Done exploring.
Done exploring.
g - a ring of protection from cold (left hand)
You drop a +6 ring of intelligence.
You see here a +6 ring of intelligence.
j - a +6 ring of intelligence
As you read the scroll labelled NEFFEC NEHO, it crumbles to dust.
You feel momentarily disoriented.
It was a scroll of revelation.
As you read the scroll labelled JURIVI UCOTE, it crumbles to dust.
It is a scroll of identify.
i - a scroll of poison Welcome back, riojii the Demonspawn Shapeshifter.
Press ? for a list of commands and other information.
Are you sure you want to abandon this character and quit the game? (Confirm with "yes".)

############### ###############
################
#........################
#.......h.#######.......# #####
#.######..#######.#####.#
#...###.######..#######.# #.#
#...........#...#######.#####.#
#...###.###................##.#
##.## #.........#######.##.##.#
#.# #.######..#######.##.##.#
#.# #.........#######.......#
#.###########.## #.......#


There were no monsters in sight!

Vanquished Creatures
  3 endoplasms (D:1)
  A hobgoblin (D:1)
  A quokka (D:1)
  2 ball pythons (D:1)
  2 bats (D:1)
  A frilled lizard (D:1)
  3 rats (D:1)
13 creatures vanquished.

Notes
Turn   | Place    | Note
-------+----------+-------------------------------------------
     0 | D:1      | riojii the Demonspawn Shapeshifter began the quest for the
                  | Orb.
     0 | D:1      | Reached XP level 1. HP: 15/15 MP: 1/1
   418 | D:1      | Gained mutation: You are partially covered in large bone
                  | plates. (SH +4) [demonic ancestry]
   418 | D:1      | Reached XP level 2. HP: 19/21 MP: 2/2
   508 | D:1      | Reached skill level 3 in Unarmed Combat
   943 | D:1      | Upgraded the game from 0.31-a0-986-g5e6e4ef867 to
                  | 0.32-a0-900-g30fb1b0edc
   943 | D:1      | Quit the game

Illustrated notes

Levels and vault maps discovered:
D:1:      giann_wishing_wells, layout_loops_corners, minmay_crystal_water

Skill      XL: |  1  2 |
---------------+-------+-----
Dodging        | 2 |  2.0
Unarmed Combat | 3 |  3.0
Fighting       | |  1.3
Shapeshifting  | |  2.8

Action                     || total
---------------------------++-------
  Melee: Unarmed           ||    35
    Use: Scroll            ||     2
   Stab: Sleeping          ||     1
 Armour: Animal skin       ||    16
  Dodge: Dodged            ||    26

Table legend: (Time is in decaauts)
 A = Elapsed time spent in this place.
 B = Non-inter-level travel time spent in this place.
 C = Inter-level travel time spent in this place.
 D = Time resting spent in this place.
 E = Time spent auto-exploring this place.
 F = Levels seen in this place.
 G = Mean time per level.
                   A        B        C        D        E       F      G
               +--------+--------+--------+--------+--------+-----+--------+
         Total |    941 |    941 |      0 |      0 |    819 |   1 |  941.0 |
       Dungeon |    941 |    941 |      0 |      0 |    819 |   1 |  941.0 |
               +--------+--------+--------+--------+--------+-----+--------+

Top non-repeatable levels by time:
     D:1: 941 daAuts
